 Dungeon Crawl Stone Soup version 0.31.0-11-ge490571c62 (webtiles) character file.

Game seed: 2169494847037913852

23 boopmooplesden the Slasher (level 2, 0/25 HPs)
             Began as an Armataur Berserker on Jan 27, 2024.
             Was a Follower of Trog.
             Slain by a quokka (3 damage)
             ... on level 1 of the Dungeon.
             The game lasted 00:00:37 (250 turns).

boopmooplesden the Slasher (Armataur Berserker)      Turns: 250, Time: 00:00:37

Health: 0/25       AC:  4    Str: 22    XL:     2   Next: 75%
Magic:  2/2        EV:  9    Int:  7    God:    Trog [*.....]
Gold:   30         SH:  0    Dex:  9    Spells: 1/1 levels left

rFire   . . .        a - +0 falchion
rCold   . . .        (no shield)
rNeg    . . .        b - +0 animal skin
rPois   .            (no helmet)
rElec   .            (no cloak)
rCorr   .            (no gloves)
SInv    .            (no barding)
Will    .....        (no amulet)
Stlth   +            (no ring)
HPRegen 0.24/turn    (no ring)
MPRegen 0.08/turn

%: roll
@: no status effects
A: large, deformed body, tough skin 3, armoured tail, roll 1
a: Renounce Religion, Berserk


You were on level 1 of the Dungeon.
You worshipped Trog.
Trog was aware of your devotion.
You visited 1 branch of the dungeon, and saw 1 of its levels.

You collected 30 gold pieces.

Inventory:

Hand Weapons
 a - a +0 falchion (weapon)
Armour
 b - a +0 animal skin (worn)
Talismans
 e - a flux talisman
Scrolls
 c - a scroll of identify {unknown}
 f - a scroll of blinking {unknown}
Potions
 d - a potion of lignification {unknown}


   Skills:
 + Level 2.9 Fighting
 + Level 3.1 Long Blades
 + Level 2.7 Armour
 + Level 1.6 Dodging
 + Level 0.1 Stealth


You had one spell level left.
You didn't know any spells.
Your spell library was empty.

Dungeon Overview and Level Annotations

Branches:
Dungeon (1/15)

Altars:


Innate Abilities, Weirdness & Mutations

Armour fits poorly on your strangely shaped body.
You have extremely tough skin. (AC +3)
You have a long armoured tail.
You regenerate magic when rolling toward enemies. (Rampage MPRegen)


Message History

Found a scroll labelled CETALYJ RUFO.
The goblin shouts!
You hear a shout!
A goblin comes into view. It is wielding a +0 club.
You hear a shout!
You closely miss the goblin.
A quokka comes into view.
The goblin hits you with a +0 dagger. The goblin hits you with a +0 club.
You closely miss the goblin.
Your tail-slap misses the goblin.
The goblin hits you with a +0 club. The goblin hits you with a +0 dagger.
You barely miss the goblin. The goblin misses you.
The goblin hits you with a +0 dagger.
You closely miss the goblin. You tail-slap the goblin.
You kill the goblin!
Trog accepts your kill. The quokka bites you.
The goblin hits you with a +0 club.
A goblin comes into view. It is wielding a +0 club.
The quokka bites you but does no damage.
You hit the goblin. You tail-slap the goblin.
You kill the goblin!
Trog accepts your kill. The quokka bites you.
Things that are here:
a +0 club; a goblin corpse The quokka bites you.
The quokka attacks as it pursues you!
The quokka bites you but does no damage.
You closely miss the quokka.
The quokka bites you but does no damage.
The quokka bites you.
* * * LOW HITPOINT WARNING * * *
You closely miss the quokka. The quokka bites you.
* * * LOW HITPOINT WARNING * * *
The goblin closely misses you.
You hit the quokka.
The quokka is almost dead.
The quokka bites you.
* * * LOW HITPOINT WARNING * * *
The goblin hits you but does no damage. The quokka attacks as it pursues you!
The quokka bites you.
You die...

######## ###......##
#...)....?# ##############
##.# #.# .......(..... ....
#..###.# #....#######
#..#..###)#g#.##
##....##...#
#.#.....#..r@##.##....##.#.#
....#?#.###.......>..'..#.##
##..###..#.....##....####...
#..#.#.###.#####..).# ####
#..........# #....#
#.#........# #....# #
#.....##### ##.###
##.#......# #)# #.###.##.#
#)#


You could see a quokka and a goblin.

Vanquished Creatures
  3 bats (D:1)
  4 endoplasms (D:1)
  A giant cockroach (D:1)
  4 goblins (D:1)
  A quokka (D:1)
  4 frilled lizards (D:1)
  4 kobolds (D:1)
21 creatures vanquished.

Notes
Turn   | Place    | Note
-------+----------+-------------------------------------------
     0 | D:1      | boopmooplesden the Armataur Berserker began the quest for
                  | the Orb.
     0 | D:1      | Reached XP level 1. HP: 18/18 MP: 1/1
     9 | D:1      | Noticed an eight-headed hydra
     9 | D:1      | Noticed a black bear
     9 | D:1      | Noticed a black mamba
     9 | D:1      | Noticed an iguana
   116 | D:1      | Reached XP level 2. HP: 25/25 MP: 2/2
   119 | D:1      | Reached skill level 3 in Long Blades
   250 | D:1      | Slain by a quokka

Illustrated notes

Levels and vault maps discovered:
D:1:      onia_arrival_zoo_common, layout_basic, minmay_heptomino_h4

Skill      XL: |  1  2 |
---------------+-------+-----
Long Blades    | 3 |  3.1
Fighting       | |  2.9
Armour         | |  2.7
Dodging        | |  1.6
Stealth        | |  0.1

Action                     || total
---------------------------++-------
  Melee: Falchion          ||    54
         Tailslap          ||     6
 Armour: Animal skin       ||    54
  Dodge: Dodged            ||    31
